 Dungeon Crawl Stone Soup version 0.29-a0-542-g075992c915 (webtiles) character file.

Game seed: 16202202240696720751

2887 Malachi the Cleaver (level 9, -1/61 HPs)
             Began as a Demonspawn Berserker on June 4, 2022.
             Was a Priest of Trog.
             Slain by an orc warrior
             ... wielding a +0 halberd
              (13 damage)
             ... on level 8 of the Dungeon.
             The game lasted 00:11:01 (7617 turns).

Malachi the Cleaver (Demonspawn Berserker)          Turns: 7617, Time: 00:11:02

Health: -1/61      AC: 13    Str: 21    XL:     9   Next: 48%
Magic:  9/9        EV: 11    Int: 10    God:    Trog [***...]
Gold:   329        SH:  5    Dex: 12    Spells: 8/8 levels left

rFire   + . .      SeeInvis .   J - +4 battleaxe
rCold   . . .      Faith    .   (shield currently unavailable)
rNeg    . . .      Spirit   .   K - +3 ring mail {rPois}
rPois   +          Reflect  +   (no helmet)
rElec   .          Harm     .   m - scarf {repulsion}
rCorr   .          Rampage  .   q - +0 pair of gloves
Will    .....                   (no boots)
Stlth   +.........              d - amulet of reflection
HPRegen 0.20/turn               c - ring of protection from fire
MPRegen 0.11/turn               (no ring)

@: on berserk cooldown, slowed, repel missiles, very slow
A: slimy green scales 2, powered by death 1, demonic touch 1, frail 1, screaming
1
a: Renounce Religion, Berserk, Trog's Hand


You were on level 8 of the Dungeon.
You worshipped Trog.
Trog was most pleased with you.
You visited 1 branch of the dungeon, and saw 8 of its levels.

You collected 419 gold pieces.
You spent 90 gold pieces at shops.

Inventory:

Hand Weapons
 a - a +0 hand axe
 A - a +3 quarterstaff of chaos
 G - a +4 flail
 J - a +4 battleaxe (weapon)
Missiles
 p - 10 poisoned darts (quivered)
 u - 3 curare-tipped darts
 C - 4 throwing nets
Armour
 m - a scarf of repulsion (worn)
 q - a +0 pair of gloves (worn)
 y - a +1 scale mail of fire resistance
 K - a +3 ring mail of poison resistance (worn)
Jewellery
 c - a ring of protection from fire (left hand)
 d - an amulet of reflection (around neck)
 I - an amulet of guardian spirit
Wands
 h - a wand of paralysis (14)
Scrolls
 b - 2 scrolls of enchant weapon {unknown}
 e - 3 scrolls of teleportation {unknown}
 f - 3 scrolls of amnesia
 g - 2 scrolls of fear {unknown}
 k - a scroll of enchant armour {unknown}
 l - a scroll of immolation {unknown}
 w - a scroll of noise {unknown}
 x - a scroll of brand weapon {unknown}
 z - a scroll of fog {unknown}
 B - 5 scrolls of vulnerability {unknown}
 D - 2 scrolls of silence {unknown}
 E - 2 scrolls of blinking {unknown}
 H - a scroll of magic mapping {unknown}
Potions
 i - 6 potions of curing
 j - 2 potions of might
 n - 5 potions of heal wounds
 r - a potion of haste
 s - 3 potions of flight
 t - a potion of brilliance
 v - 3 potions of ambrosia
 F - a potion of magic


   Skills:
 + Level 5.4 Fighting
 * Level 10.1 Axes
 + Level 5.5 Armour
 - Level 1.8 Dodging
 - Level 0.2 Stealth
 + Level 1.8 Shields


You had 8 spell levels left.
You didn't know any spells.
Your spell library was empty.

Dungeon Overview and Level Annotations

Branches:
Dungeon (8/15)             Temple (0/1) D:5
   Lair: D:8-11

Altars:
Cheibriados
Hepliaklqana
Uskayaw
Yredelemnul

Shops:
D:5 !


Innate Abilities, Weirdness & Mutations

You are mostly covered in slimy green scales. (AC +3)
You regenerate a little health from kills.
Your touch may inflict minor irresistible damage on your foes.
You are frail. (-10% HP)
You occasionally shout uncontrollably at your foes.


Message History

The orc priest is severely wounded.
You slice the orc priest!!
You kill the orc priest!
Trog accepts your kill.
You slash the orc priest!
The orc priest is almost dead.
The orc priest miscasts a cantrip.
You hit the orc priest.
You kill the orc priest!
Trog accepts your kill.
You barely miss the orc. The orc closely misses you.
Found a stone staircase leading up.
Items here: ( )) [ ††.
You feel a strong urge to attack something.
The orc warrior closely misses you. You block the orc's attack.
Items here: ( ) [ †.
You completely miss the orc. You block the orc warrior's attack.
The orc closely misses you.
You closely miss the orc. The orc warrior barely misses you.
The orc closely misses you.
You slice the orc!!
You kill the orc!
Trog accepts your kill. The orc warrior closely misses you.
You are no longer berserk.
You are exhausted.
You feel yourself slow down.
Things that are here:
a +0 morningstar; a +0 leather armour You barely miss the orc warrior.
The orc warrior hits you with a +0 halberd!
The orc warrior hits you but does no damage.
You closely miss the orc warrior.
The orc warrior hits you with a +0 halberd!
* * * LOW HITPOINT WARNING * * *
The orc warrior closely misses you.
You slash the orc warrior!
The orc warrior is heavily wounded.
The orc warrior hits you with a +0 halberd!
You die...

###### .# #........# .....# .#
#.######## ####.#.# #.# #.##.####
#.##.#.# ... ..# #.##....#
#....#.# ... ##..# #.##.##.#
#.####.# #'##..#...# #.##[##+####
...).#.# #.##..#)#o# #.##........
####.#.# #.##..#)#.# #...........
.....#.# #.##..#@#.# #####.......
....)))###.##..#o#.# #...........
...................# #.....#.####
.......#######.##..#.#.....#.....
.....................######......
##############.###..## #......
................ #......
................. +>.....
#####......#[.### #......


You could see an orc warrior.

Vanquished Creatures
  Joseph (D:8)
  Grinder (D:4)
  2 water moccasins
  Edmund (D:5)
  A sky beast (D:7)
  A black bear (D:4)
  A centaur (D:5)
  A kobold brigand (D:7)
  2 bullfrogs
  4 scorpions
  8 wights
  2 jellies
  A hound (D:6)
  4 orc priests
  Crazy Yiuf (D:3)
  Jessica (D:3)
  A gnoll shaman (D:8)
  3 iguanas
  Terence (D:2)
  3 orc wizards
  Robin (D:3)
  24 gnolls
  4 adders
  2 shadow imps
  2 white imps (D:6)
  5 ufetubi
  4 dart slugs
  19 orcs
  5 ball pythons
  8 endoplasms
  A giant cockroach (D:3)
  14 hobgoblins
  4 jackals
  10 kobolds
  5 quokkas
  3 bats
  4 frilled lizards
  19 goblins
  6 rats
180 creatures vanquished.

Vanquished Creatures (others)
  An orc wizard (D:6)
  2 plants (D:4)
3 creatures vanquished.

Grand Total: 183 creatures vanquished

Notes
Turn   | Place    | Note
-------+----------+-------------------------------------------
     0 | D:1      | Malachi the Demonspawn Berserker began the quest for the
                  | Orb.
     0 | D:1      | Reached XP level 1. HP: 18/18 MP: 1/1
   192 | D:1      | Reached skill level 3 in Axes
   205 | D:1      | Gained mutation: Your touch may inflict minor irresistible
                  | damage on your foes. [demonic ancestry]
   205 | D:1      | Reached XP level 2. HP: 24/24 MP: 2/2
   307 | D:1      | Found a faded altar of an unknown god.
   465 | D:1      | Reached XP level 3. HP: 12/29 MP: 3/3
  1027 | D:2      | Reached ** piety under Trog
  1227 | D:2      | Noticed Terence
  1235 | D:2      | Killed Terence
  1236 | D:2      | Reached XP level 4. HP: 21/37 MP: 4/4
  1618 | D:2      | Reached skill level 4 in Axes
  1970 | D:3      | Noticed Robin
  1984 | D:3      | Killed Robin
  2146 | D:3      | Found a snail-covered altar of Cheibriados.
  2261 | D:3      | Gained mutation: You are partially covered in slimy green
                  | scales. (AC +2) [demonic ancestry]
  2261 | D:3      | Reached XP level 5. HP: 41/42 MP: 5/5
  2517 | D:3      | Found a runed translucent door.
  2518 | D:3      | Noticed Crazy Yiuf
  2605 | D:3      | Noticed Jessica
  2610 | D:3      | Killed Jessica
  3363 | D:3      | Killed Crazy Yiuf
  3364 | D:3      | Reached skill level 5 in Axes
  3594 | D:4      | Gained mutation: You are mostly covered in slimy green
                  | scales. (AC +3) [demonic ancestry]
  3594 | D:4      | Reached XP level 6. HP: 48/48 MP: 6/6
  3687 | D:4      | Reached *** piety under Trog
  3732 | D:4      | Noticed Grinder
  3734 | D:4      | Paralysed by Grinder for 5 turns
  3743 | D:4      | Killed Grinder
  3744 | D:4      | Reached skill level 6 in Axes
  3786 | D:4      | Gained mutation: You regenerate a little health from kills.
                  | [demonic ancestry]
  3786 | D:4      | Reached XP level 7. HP: 49/54 MP: 7/7
  4076 | D:4      | Found a faded altar of an unknown god.
  4076 | D:4      | Found a faded altar of an unknown god.
  4077 | D:4      | Found a faded altar of an unknown god.
  4077 | D:4      | Found a faded altar of an unknown god.
  4082 | D:4      | Found a hazy altar of Hepliaklqana.
  4269 | D:5      | Entered Level 5 of the Dungeon
  4474 | D:5      | Noticed Edmund
  4486 | D:5      | Reached skill level 7 in Axes
  4486 | D:5      | Reached skill level 1 in Shields
  4490 | D:5      | Killed Edmund
  4507 | D:5      | Reached XP level 8. HP: 60/61 MP: 8/8
  4622 | D:5      | Found Isezua's Distillery.
  4630 | D:5      | Bought a potion of heal wounds for 50 gold pieces
  4630 | D:5      | Bought a potion of might for 40 gold pieces
  4695 | D:5      | Found a staircase to the Ecumenical Temple.
  5351 | D:6      | Found the +7 staff of the Meek {protect, meekguard}
  5509 | D:6      | Reached skill level 8 in Axes
  5787 | D:6      | Reached skill level 5 in Fighting
  5787 | D:6      | Reached skill level 5 in Armour
  5996 | D:6      | Gained mutation: You are weak. (Str -2) [potion of
                  | mutation]
  5996 | D:6      | Gained mutation: You have an increased reservoir of magic.
                  | (+10% MP) [potion of mutation]
  5997 | D:6      | Lost mutation: You are weak. (Str -2) [potion of mutation]
  5997 | D:6      | Lost mutation: You have an increased reservoir of magic.
                  | (+10% MP) [potion of mutation]
  5997 | D:6      | Gained mutation: You are frail. (-10% HP) [potion of
                  | mutation]
  5997 | D:6      | Gained mutation: You occasionally shout uncontrollably at
                  | your foes. [potion of mutation]
  6057 | D:7      | Reached skill level 9 in Axes
  6057 | D:7      | Reached XP level 9. HP: 50/61 MP: 9/9
  6267 | D:7      | Found a hide-covered altar of Uskayaw.
  6269 | D:7      | Reached **** piety under Trog
  6294 | D:7      | HP: 2/61 [poisoned by a kobold brigand]
  6898 | D:7      | Found a basalt altar of Yredelemnul.
  7327 | D:8      | Noticed Joseph
  7342 | D:8      | Killed Joseph
  7343 | D:8      | Reached skill level 10 in Axes
  7617 | D:8      | Slain by an orc warrior

Illustrated notes

Levels and vault maps discovered:
D:1:      dpeg_arrival_pits, layout_rooms, hellmonk_ecumenical_altar_crossroads,
          st_stairs_3, amcnicky_mini_pool_small
D:2:      layout_loops_ring, uniq_terence
D:3:      layout_rooms, kennysheep_slug_shrine, minmay_puff,
          uniq_crazy_yiuf_cottage, uniq_jessica, uniq_robin
D:4:      layout_cave_pools, nicolae_hepliaklqana_ecumenical_no_more,
          kennysheep_dice, uniq_grinder
D:5:      layout_rooms, minmay_temple_entry_glassed_door, serial_shops, shop,
          amcnicky_mini_pool_medium, uniq_edmund
D:6:      layout_loops_corners, minmay_stone_trees_small, st_stairs_9
D:7:      layout_basic, mainiacjoe_overflow_alcove_2,
          nicolae_uskayaw_dance_studio
D:8:      layout_basic, uniq_joseph

Skill      XL: |  1  2  3  4  5  6  7  8  9 |
---------------+----------------------------+-----
Axes           | 3 4 5 6 7 9 10 | 10.1
Armour         | 2 3 4 5 |  5.5
Fighting       | 4 5 |  5.4
Shields        | 1 |  1.8
Dodging        | |  1.8
Stealth        | |  0.2

Action                   |  1- 3 |  4- 6 |  7- 9 || total
-------------------------+-------+-------+-------++-------
Melee: Hand axe          |    85 |   114 |   109 ||   308
       Touch             |    10 |    16 |    19 ||    45
       Punch             |       |       |     1 ||     1
       Battleaxe         |       |       |   119 ||   119
Invok: Berserk           |     1 |     7 |    12 ||    20
       Trog's Hand       |       |       |     1 ||     1
  Use: Scroll            |       |       |     7 ||     7
       Potion            |       |       |     5 ||     5
 Stab: Sleeping          |     1 |       |       ||     1
Armor: Plate armour      |    18 |    26 |       ||    44
       Scale mail        |       |    12 |   105 ||   117
       Ring mail         |       |       |     2 ||     2
Dodge: Dodged            |    30 |    35 |   110 ||   175
       Repelled          |       |     3 |     1 ||     4
Block: Other             |    14 |    16 |    44 ||    74
       Reflection        |     1 |     1 |     2 ||     4

Table legend: (Time is in decaauts)
 A = Elapsed time spent in this place.
 B = Non-inter-level travel time spent in this place.
 C = Inter-level travel time spent in this place.
 D = Time resting spent in this place.
 E = Time spent auto-exploring this place.
 F = Levels seen in this place.
 G = Mean time per level.
                   A        B        C        D        E       F      G
               +--------+--------+--------+--------+--------+-----+--------+
         Total |   7811 |   7643 |    168 |   2022 |   4352 |   8 |  976.4 |
       Dungeon |   7811 |   7643 |    168 |   2022 |   4352 |   8 |  976.4 |
               +--------+--------+--------+--------+--------+-----+--------+

Top non-repeatable levels by time:
     D:3: 1679 daAuts
     D:6: 1146 daAuts
     D:7: 999 daAuts
     D:1: 996 daAuts
     D:2: 867 daAuts
     D:4: 809 daAuts
     D:5: 693 daAuts
     D:8: 619 daAuts
